 Dungeon Crawl Stone Soup version 0.20.0-8-g6b59dc7 (webtiles) character file.

136 MTVSty1e the Ruffian (level 4, -7/37 HPs)
             Began as a Draconian Transmuter on June 2, 2017.
             Killed from afar by an orc wizard (8 damage)
             ... with a magic dart
             ... on level 3 of the Dungeon.
             The game lasted 00:03:43 (2362 turns).

MTVSty1e the Ruffian (Draconian Transmuter)         Turns: 2362, Time: 00:03:44

Health: -7/37      AC:  5    Str: 13    XL:     4   Next: 98%
Magic:  3/7        EV: 12    Int: 13    God:
Gold:   65         SH:  0    Dex: 12    Spells: 3/7 levels left

rFire    . . .     SeeInvis .     - Unarmed
rCold    . . .     Gourm    .   (no shield)
rNeg     . . .     Faith    .   (armour unavailable)
rPois    .         Spirit   .   (helmet restricted)
rElec    .         Reflect  .   (no cloak)
rCorr    .         Harm     .   (no gloves)
MR       .....                  (no boots)
Stlth    +.........             (no amulet)
Regen    0.2/turn               (no ring)
MPRegen  0.1/turn               (no ring)

@: about to teleport, very slightly contaminated
A: unfitting armour, cold-blooded, AC +5
a: no special abilities


You were on level 3 of the Dungeon.
You were hungry.

You visited 1 branch of the dungeon, and saw 3 of its levels.

You collected 65 gold pieces.

Inventory:

Missiles
 a - 29 arrows
Scrolls
 d - 2 scrolls of recharging {unknown}
 h - 2 scrolls of identify {unknown}
 j - a scroll of enchant armour
 o - a scroll of remove curse
Potions
 e - a potion of berserk rage {unknown}
 g - a potion of mutation {unknown}
 i - a potion of flight {unknown}
 l - a potion of cancellation {unknown}
 n - a potion of magic {unknown}
 q - a potion of brilliance {unknown}
 r - a potion of curing {unknown}
Books
 b - a book of Changes

   Spells                             Type                      Level
   a - Beastly Appendage              Transmutation                1
   b - Sticks to Snakes               Transmutation                2
   c - Spider Form                    Transmutation/Poison         3
   d - Ice Form                       Ice/Transmutation            4
   e - Blade Hands                    Transmutation                5
Comestibles
 c - a bread ration
 k - a fruit
 m - 2 royal jellies
 p - a meat ration


   Skills:
 + Level 2.8 Fighting
 - Level 1.7 Dodging
 * Level 4.8 Unarmed Combat
 - Level 2.0 Spellcasting
 + Level 2.4 Transmutations


You had 3 spell levels left.
You knew the following spells:

 Your Spells              Type           Power        Failure   Level  Hunger
a - Beastly Appendage     Tmut           #.....       10%         1    ##.....
b - Spider Form           Tmut/Pois      #.........   43%         3    ####...


Dungeon Overview and Level Annotations

Branches:
Dungeon (3/15)

Altars:


Innate Abilities, Weirdness & Mutations

Your plain brown scales are hard. (AC +5)
You cannot fit into any form of body armour.
You are cold-blooded and may be slowed by cold attacks.


Message History

* * * LOW HITPOINT WARNING * * *
The frilled lizard bites you but does no damage.
The giant cockroach completely misses you.
As you read the scroll labeled PYULAQ WIJI, it crumbles to dust.
It is a scroll of enchant armour.
You aren't carrying any armour which can be enchanted further.
The orc hits you but does no damage. The goblin hits you but does no damage.
The giant cockroach closely misses you. The frilled lizard misses you.
As you read the scroll labeled TUHEUKH SURI, it crumbles to dust.
You feel blessed for a moment.
It was a scroll of remove curse.
The orc hits you with a whip.
* * * LOW HITPOINT WARNING * * *
The orc wizard barely misses you. The giant cockroach misses you.
The goblin closely misses you.
The frilled lizard bites you but does no damage.
As you read the scroll labeled AMAESO TEFUY, it crumbles to dust.
You feel strangely unstable.
It was a scroll of teleportation.
The orc wizard points at you and mumbles some strange words.
The magic dart hits you!
You die...

♣##..............
♣..............<)
♣♣....))..........
♣♣...#)............
####....#....†........
#..................... .
.##....#..♣♣♣.♣......
....#.o....#.♣♣P.♣......
#..o@.#.##♣♣P.♣#..###
......slg..# ..P♣#..#
♣.♣..........♣♣P♣♣####
#.......P....###
♣.♣#...P♣P...# #
.......#..# ♣.......##.#
......>.# ##


You could see an orc wizard, an orc, a giant cockroach, a goblin and a frilled
lizard.

Vanquished Creatures
  2 orc priests (D:3)
  2 adders (D:2)
  A leopard gecko (D:1)
  5 orcs (D:3)
  6 bats
  2 giant cockroaches
  2 goblins (D:1)
  8 hobgoblins
  6 jackals
  A quokka (D:2)
  3 frilled lizards
  7 kobolds
  9 rats
54 creatures vanquished.

Vanquished Creatures (others)
  A kobold (D:1)
  A rat (D:1)
2 creatures vanquished.

Grand Total: 56 creatures vanquished

Notes
Turn   | Place    | Note
-------+----------+-------------------------------------------
     0 | D:1      | MTVSty1e the Draconian Transmuter began the quest for the Orb.
     0 | D:1      | Reached XP level 1. HP: 16/16 MP: 3/3
   520 | D:1      | Reached XP level 2. HP: 23/23 MP: 3/5
   880 | D:2      | Reached skill level 4 in Unarmed Combat
   880 | D:2      | Reached XP level 3. HP: 21/28 MP: 4/6
  1006 | D:2      | Learned a level 3 spell: Spider Form
  2192 | D:3      | Reached XP level 4. HP: 36/36 MP: 5/7
  2361 | D:3      | HP: 1/37 [orc/whip (2)]
  2362 | D:3      | Killed from afar by an orc wizard

Skill      XL: |  1  2  3 |
---------------+----------+-----
Unarmed Combat | 4 |  4.8
Fighting       | 2 |  2.8
Dodging        | |  1.7
Spellcasting   | |  2.0
Transmutations | |  2.4

Action                   |  1- 3 |  4- 6 || total
-------------------------+-------+-------++-------
Melee: Unarmed           |   153 |    30 ||   183
       Tailslap          |    12 |     3 ||    15
       Headbutt          |     5 |       ||     5
       Kick              |    10 |     2 ||    12
       Punch             |     1 |       ||     1
 Cast: Beastly Appendage |    26 |     1 ||    27
       Spider Form       |     1 |     2 ||     3
  Use: Scroll            |       |     4 ||     4
  Eat: Bread ration      |     1 |       ||     1
       Fruit             |       |     1 ||     1
Armor: Skin              |    58 |    11 ||    69
Dodge: Dodged            |   117 |    47 ||   164
